 Dungeon Crawl Stone Soup version 0.20.1-1-g8b1a95d (webtiles) character file.

2683 LarsimusPrime the Basher (level 9, -3/78 HPs)
             Began as a Minotaur Fighter on Aug 23, 2017.
             Was a Follower of Okawaru.
             Slain by a sky beast (6 damage)
             ... on level 7 of the Dungeon.
             The game lasted 00:27:39 (5754 turns).

LarsimusPrime the Basher (Minotaur Fighter)         Turns: 5754, Time: 00:27:39

Health: -3/78      AC: 18    Str: 22    XL:     9   Next: 37%
Magic:  8/8        EV:  7    Int:  5    God:    Okawaru [*.....]
Gold:   349        SH: 11    Dex: 12    Spells: 8/8 levels left

rFire    . . .     SeeInvis .   q - +2 mace (venom)
rCold    . . .     Gourm    .   c - +0 shield
rNeg     . . .     Faith    .   F - +0 plate armour
rPois    +         Spirit   .   (helmet restricted)
rElec    .         Reflect  .   K - +0 cloak
rCorr    .         Harm     .   k - +2 pair of gloves
MR       .....                  (no boots)
Stlth    ..........             (no amulet)
Regen    0.3/turn               p - ring of poison resistance
MPRegen  0.2/turn               (no ring)

@: no status effects
A: retaliatory headbutt, horns 2
a: Heroism, Renounce Religion


You were on level 7 of the Dungeon.
You worshipped Okawaru.
Okawaru was aware of your devotion.
You were not hungry.

You visited 2 branches of the dungeon, and saw 8 of its levels.

You collected 349 gold pieces.

Inventory:

Hand Weapons
 a - a +0 flail
 m - a +1 mace of holy wrath
 q - a +2 mace of venom (weapon)
 r - a +3 quarterstaff of chaos
 t - a +1 mace of protection
 u - a +2 mace of protection
Missiles
 l - 116 stones (quivered)
 n - 5 tomahawks
 J - 8 javelins
Armour
 b - a +0 scale mail
 c - a +0 shield (worn)
 k - a +2 pair of gloves (worn)
 A - a +0 buckler
 F - a +0 plate armour (worn)
 G - a +0 pair of gloves
 K - a +0 cloak (worn)
Jewellery
 p - a ring of poison resistance (left hand)
Wands
 y - a wand of iceblast (5/15)
 I - a wand of polymorph (11/24)
Scrolls
 e - 4 scrolls of identify
 g - 3 scrolls of teleportation
 h - 2 scrolls of remove curse
 s - 5 scrolls of enchant weapon {unknown}
 w - a scroll of recharging {unknown}
 B - a scroll of magic mapping {unknown}
 C - a scroll of blinking
 E - a scroll of enchant armour {unknown}
 H - a scroll of random uselessness {unknown}
Potions
 d - a potion of might
 v - 2 potions of invisibility {unknown}
 x - a potion of agility {unknown}
 z - 2 potions of brilliance {unknown}
 D - a potion of flight {unknown}
Comestibles
 f - 5 bread rations
 i - 4 meat rations
 j - 2 royal jellies
 L - 3 fruits


   Skills:
 + Level 6.5 Fighting
 + Level 9.9 Maces & Flails
 + Level 7.5 Armour
 + Level 4.3 Dodging
 + Level 0.8 Stealth
 + Level 7.5 Shields
 + Level 0.4 Unarmed Combat


You had 8 spell levels left.
You didn't know any spells.

Dungeon Overview and Level Annotations

Branches:
Dungeon (7/15)             Temple (1/1) D:5

Altars:
Cheibriados
Elyvilon
Gozag
Kikubaaqudgha
Makhleb
Okawaru
Ru
Uskayaw
Vehumet
Yredelemnul
The Shining One

Annotations:
D:7 Pikel


Innate Abilities, Weirdness & Mutations

You reflexively headbutt those who attack you in melee.
You have a pair of horns on your head.


Message History

The slave is severely wounded.
You block the slave's attack.
The howler monkey hoots and howls with incredible vigour!
The sky beast hits you.
* * * LOW HITPOINT WARNING * * *
The sky beast shocks you.
* * * LOW HITPOINT WARNING * * *
You open the door.
You kill the slave!
That felt strangely unrewarding.
The sky beast hits you but does no damage.
Found 20 gold pieces.
You block the orc wizard's attack. You block the sky beast's attack.
There is an open door here.
You barely miss the orc wizard.
The orc wizard hits you but does no damage.
The adder bites you but does no damage. The sky beast hits you.
* * * LOW HITPOINT WARNING * * *
The sky beast shocks you.
You die... #.##########.#.....#..# ###.#.#..Kh...o#.#.###.#..##### ........soh..K.9...###.#..#...# ##.#.#.######r#.#...#.#..#...# #[# #h#.#.....#..#...# .Kh

#p#......##..#...# .....
#[####.......'...' .......
#SY.......#..#..)# .........
#@####...##..#(..#
............o.......##..#####
......................#..# #
.............#..#..# #
.............#.....# #
.............##....# #
.....#.......$#...
.....#........#.#..


You could see Pikel, a gargoyle, a sky beast, a slave, a hound, an orc wizard,
an adder, an orc and a quokka.

Vanquished Creatures
  Joseph (D:7)
  The ghost of letownia the Insei, an amateur OpTm (D:4)
  Duvessa (D:4)
  An orc warrior (D:5)
  2 ice beasts
  2 sky beasts (D:5)
  A black bear (D:3)
  3 slaves (D:7)
  2 ogres
  A phantom (D:4)
  A centaur (D:6)
  Blork the orc (D:5)
  A bullfrog (D:6)
  2 wyvern zombies (D:6)
  Dowan (D:4)
  3 wights (D:6)
  A crimson imp (D:6)
  A jelly (D:6)
  A quasit (D:6)
  2 orc priests
  5 orc wizards
  Crazy Yiuf (D:2)
  2 centaur skeletons
  2 iguanas (D:6)
  Ijyb (D:3)
  4 worker ants
  A killer bee zombie (D:6)
  A hound zombie (D:5)
  A hound skeleton (D:4)
  5 adders
  A shadow imp (D:5)
  An adder zombie (D:5)
  5 worms
  3 dart slugs
  2 leopard geckos
  16 orcs
  A ball python (D:3)
  7 giant cockroaches
  8 goblins
  6 hobgoblins
  6 jackals
  4 kobolds
  3 quokkas (D:2)
  6 bats
  7 frilled lizards
  A quokka skeleton (D:6)
  5 rats
134 creatures vanquished.

Vanquished Creatures (others)
  A quokka (D:6)
1 creature vanquished.

Grand Total: 135 creatures vanquished

Notes
Turn   | Place    | Note
-------+----------+-------------------------------------------
     0 | D:1      | LarsimusPrime the Minotaur Fighter began the quest for the Orb.
     0 | D:1      | Reached XP level 1. HP: 19/19 MP: 0/0
   121 | D:1      | Reached XP level 2. HP: 27/27 MP: 1/1
   421 | D:1      | Reached skill level 3 in Maces & Flails
   576 | D:2      | Found a snail-covered altar of Cheibriados.
   586 | D:2      | Reached XP level 3. HP: 22/33 MP: 2/2
   616 | D:2      | Found a runed door.
   689 | D:2      | Noticed Crazy Yiuf
   696 | D:2      | Paralysed by Crazy Yiuf for 2 turns
   699 | D:2      | Killed Crazy Yiuf
   699 | D:2      | Reached skill level 1 in Dodging
  1103 | D:2      | Found a hide-covered altar of Uskayaw.
  1104 | D:2      | Found a radiant altar of Vehumet.
  1107 | D:2      | Found a burning altar of Makhleb.
  1108 | D:2      | Found a glowing golden altar of the Shining One.
  1112 | D:2      | Reached XP level 4. HP: 40/40 MP: 3/3
  1271 | D:2      | Reached skill level 4 in Maces & Flails
  1576 | D:3      | Noticed a black bear
  1603 | D:3      | Reached XP level 5. HP: 31/46 MP: 4/4
  1606 | D:3      | Killed a black bear
  1606 | D:3      | Reached skill level 5 in Maces & Flails
  1606 | D:3      | Reached skill level 5 in Shields
  1612 | D:3      | Reached XP level 6. HP: 28/52 MP: 5/5
  2169 | D:3      | Noticed Ijyb
  2177 | D:3      | Killed Ijyb
  2448 | D:4      | Noticed letownia's ghost (amateur OpTm)
  2469 | D:4      | Killed letownia's ghost
  2469 | D:4      | Reached skill level 6 in Maces & Flails
  2469 | D:4      | Reached XP level 7. HP: 42/60 MP: 6/6
  2627 | D:4      | Reached skill level 5 in Armour
  2787 | D:4      | Reached skill level 5 in Fighting
  2813 | D:4      | Reached skill level 7 in Maces & Flails
  3361 | D:4      | Noticed Dowan
  3362 | D:4      | Noticed Duvessa
  3374 | D:4      | Killed Duvessa
  3379 | D:4      | Killed Dowan
  3625 | D:5      | Entered Level 5 of the Dungeon
  3645 | D:5      | Reached XP level 8. HP: 51/69 MP: 7/7
  3754 | D:5      | Found an opulent altar of Gozag.
  3798 | D:5      | Reached skill level 8 in Maces & Flails
  3962 | D:5      | Noticed Blork the orc
  3968 | D:5      | Killed Blork the orc
  4116 | D:5      | Found a staircase to the Ecumenical Temple.
  4125 | Temple   | Entered the Ecumenical Temple
  4195 | Temple   | Became a worshipper of Warmaster Okawaru
  4681 | D:6      | Found a white marble altar of Elyvilon.
  4860 | D:6      | Reached skill level 9 in Maces & Flails
  4860 | D:6      | Reached XP level 9. HP: 53/75 MP: 8/8
  5074 | D:6      | Reached * piety under Okawaru
  5513 | D:7      | Noticed Joseph
  5675 | D:7      | Killed Joseph
  5711 | D:7      | Noticed Pikel
  5716 | D:7      | Noticed a gargoyle
  5741 | D:7      | HP: 3/78 [gargoyle/stone arrow (24)]
  5754 | D:7      | HP: 3/78 [sky beast (2)]
  5754 | D:7      | Slain by a sky beast

Skill      XL: |  1  2  3  4  5  6  7  8  9 |
---------------+----------------------------+-----
Shields        | 4 5 7 |  7.5
Maces & Flails | 3 4 5 6 7 9 |  9.9
Dodging        | 1 2 3 4 |  4.3
Fighting       | 4 5 6 |  6.5
Armour         | 4 5 6 7 |  7.5
Stealth        | |  0.8
Unarmed Combat | |  0.4

Action                   |  1- 3 |  4- 6 |  7- 9 || total
-------------------------+-------+-------+-------++-------
Melee: Flail             |    26 |       |       ||    26
       Mace              |    35 |   100 |   258 ||   393
       Headbutt          |    11 |    17 |    52 ||    80
       Unarmed           |       |       |     7 ||     7
  Use: Scroll            |     2 |     3 |     1 ||     6
       Potion            |       |       |     3 ||     3
  Eat: Chunk             |     1 |     4 |     6 ||    11
       Bread ration      |       |       |     1 ||     1
Armor: Scale mail        |    48 |    50 |    41 ||   139
       Plate armour      |       |       |    83 ||    83
Dodge: Dodged            |    30 |    35 |    64 ||   129
Block: Shield            |    49 |    52 |   126 ||   227
